 Dungeon Sprint DCSS version 0.31-a0-1458-g2f8d4710b4 (webtiles) character file.

Game seed: 991187612312975482

2452 Groucho the Imperceptible (level 9, -1/51 HPs)
             Began as a Felid Berserker on Dec 28, 2023.
             Was an Elder of Trog.
             Killed by divine providence
             ... invoked by a meliai
              (10 damage)
             ... in the Dungeon (Sprint I: "Red Sonja").
             The game lasted 00:02:05 (372 turns).

Groucho the Imperceptible (Felid Berserker)          Turns: 372, Time: 00:02:06

Health: -1/51      AC:  2    Str: 13    XL:     9   Next: 25%
Magic:  10/10      EV: 25    Int: 12    God:    Trog [****..]
Gold:   883        SH:  0    Dex: 19    Spells: 8/8 levels left
                                        Lives:  0   Deaths: 2

rFire   . .          .
                       - Unarmed
rCold   . . .        (shield unavailable)
rNeg    . . .        (body armour unavailable)
rPois   .            (helmet unavailable)
rElec   .            (cloak unavailable)
rCorr   .            (gloves unavailable)
SInv    +            (boots unavailable)
Will    +....        (no amulet)
Stlth   ++++++++     (no ring)
HPRegen 0.28/turn    (no ring)
MPRegen 0.12/turn

%: no teleportation
@: no status effects
A: very small, claws 1, fangs 3, see invisible, shaggy fur 2, stealthy paws, no
weapons or thrown items, no armour, multi-lived
a: Renounce Religion, Berserk, Trog's Hand, Brothers in Arms


You were in the Dungeon.
You worshipped Trog.
Trog was greatly pleased with you.
You visited 1 branch You collected 883 gold pieces.

Inventory:

Wands
 g - a wand of quicksilver (6)
 h - a wand of flame (24)
Potions
 c - a potion of haste
 d - 2 potions of magic
 e - a potion of berserk rage
 f - a potion of enlightenment {unknown}


   Skills:
 + Level 8.1 Fighting
 + Level 10.5 Dodging
 + Level 22.8 Stealth
 + Level 8.1 Unarmed Combat


You had 8 spell levels left.
You didn't know any spells.
Your spell library was empty.

Dungeon Overview and Level Annotations

Branches:
Dungeon (1/1)

Altars:
Cheibriados
Dithmenos
Elyvilon
Fedhas
Gozag
Hepliaklqana
Kikubaaqudgha
Makhleb
Nemelex Xobeh
Okawaru
Qazlal
Ru
Sif Muna
Trog
Uskayaw
Vehumet
Wu Jian
Xom
Yredelemnul
Zin
The Shining One
Jiyva
Lugonu

Shops:
D [


Innate Abilities, Weirdness & Mutations

You have sharp claws.
You have razor-sharp teeth.
You have supernaturally acute eyesight. (SInv)
You are covered in thick fur. (AC +2)
Your paws help you pounce on unaware monsters.
You are incapable of wielding weapons or throwing items.
You cannot wear armour.
You gain extra lives every three experience levels.


Message History

The meliai invokes the aid of its god against you.
Something smites you!
* * * LOW HITPOINT WARNING * * *
Found 162 gold pieces.
The lorocyproca completely misses you.
There is a large open door here.
The lorocyproca barely misses you.
The lorocyproca is engulfed in freezing vapours.
The lorocyproca attacks as it pursues you!
The lorocyproca misses you.
The meliai mumbles some strange prayers to its god against you.
Something smites you!
You die...
You rejoin the land of the living...
You now have 748 gold pieces (gained 27).
Unknown command.
Unknown command.
Unknown command.
You are engulfed in freezing vapours.
You see here 27 gold pieces.
You now have 775 gold pieces (gained 27).
You now have 802 gold pieces (gained 27).
You now have 829 gold pieces (gained 27).
You now have 856 gold pieces (gained 27).
You now have 883 gold pieces (gained 27).
You see here 27 gold pieces.
You see here 27 gold pieces.
You see here 27 gold pieces.
The lorocyproca is engulfed in freezing vapours.
You see here 27 gold pieces.
You see here 27 gold pieces.
You see here 27 gold pieces.
You are engulfed in freezing vapours.
You are engulfed in freezing vapours.
* * * LOW HITPOINT WARNING * * *
You see here 27 gold pieces.
There is a large open door here.
The meliai calls down the wrath of its god upon you.
Something smites you!
You die...

## _# .+ _####
### ##[.####
#+#$### §§.§#..#
#..$#y# ~§§§+.†#
#†.$### §§§§#..#
+..@$$#
+#####'###
#.....# #.'$#
###''## ###$#
#..## #§#
####$$### #$#
#..#.$#$### #.#
#.$°.$$...#
+§####.$$○○○...#
#s#(('.....$####


You could see a meliai.

Vanquished Creatures
  2 centaur warriors (D)
  An oklob plant (D)
  A hornet (D)
  Sigmund (D)
  A slime creature (D)
  A yak (D)
  A redback (D)
  An ogre (D)
  A jelly (D)
  Ijyb (D)
11 creatures vanquished.

Notes
Turn   | Place    | Note
-------+----------+-------------------------------------------
     0 | D        | Groucho the Felid Berserker began the quest for the Orb.
     0 | D        | Reached XP level 1. HP: 12/12 MP: 2/2
     1 | D        | Noticed Ijyb
     6 | D        | Killed Ijyb
     7 | D        | Reached skill level 8 in Stealth
     7 | D        | Reached XP level 2. HP: 16/16 MP: 3/3
   148 | D        | Noticed an ogre
   150 | D        | Killed an ogre
   151 | D        | Reached skill level 12 in Stealth
   151 | D        | Reached XP level 3. HP: 20/20 MP: 4/4
   151 | D        | Reached XP level 4. HP: 24/24 MP: 5/5
   151 | D        | Gained a life (2 lives remaining)
   164 | D        | Noticed Sigmund
   171 | D        | Killed Sigmund
   171 | D        | Reached ** piety under Trog
   172 | D        | Reached skill level 17 in Stealth
   172 | D        | Reached XP level 5. HP: 28/28 MP: 6/6
   172 | D        | Gained mutation: You are covered in thick fur. (AC +2)
                  | [Felid growth]
   172 | D        | Reached XP level 6. HP: 32/32 MP: 7/7
   217 | D        | Found a shimmering blue altar of Sif Muna.
   218 | D        | Found an ornate altar of the Wu Jian Council.
   219 | D        | Found a radiant altar of Vehumet.
   219 | D        | Identified the +1 robe of Tiblatel {Dex+3}
   241 | D        | Found Buvvo's Armour Emporium.
   241 | D        | Found an ancient bone altar of Kikubaaqudgha.
   241 | D        | Found a hazy altar of Hepliaklqana.
   241 | D        | Found a hide-covered altar of Uskayaw.
   241 | D        | Found a basalt altar of Yredelemnul.
   241 | D        | Found an opulent altar of Gozag.
   241 | D        | Found a snail-covered altar of Cheibriados.
   241 | D        | Found a sacrificial altar of Ru.
   241 | D        | Found a shadowy altar of Dithmenos.
   241 | D        | Noticed a yak
   242 | D        | Found a stormy altar of Qazlal.
   242 | D        | Found a blossoming altar of Fedhas.
   242 | D        | Found a bloodstained altar of Trog.
   242 | D        | Found an iron altar of Okawaru.
   242 | D        | Found a glowing golden altar of the Shining One.
   242 | D        | Found a glowing silver altar of Zin.
   242 | D        | Found a white marble altar of Elyvilon.
   243 | D        | Killed a yak
   244 | D        | Reached skill level 19 in Stealth
   244 | D        | Found a sparkling altar of Nemelex Xobeh.
   259 | D        | Found a viscous altar of Jiyva.
   259 | D        | Found a corrupted altar of Lugonu.
   259 | D        | Noticed a slime creature
   260 | D        | Found a burning altar of Makhleb.
   260 | D        | Found a shimmering altar of Xom.
   262 | D        | Killed a slime creature
   262 | D        | Reached *** piety under Trog
   263 | D        | Reached skill level 20 in Stealth
   263 | D        | Reached XP level 7. HP: 36/36 MP: 8/8
   267 | D        | Noticed a centaur warrior
   270 | D        | Noticed a centaur warrior
   271 | D        | Killed a centaur warrior
   272 | D        | Reached skill level 5 in Fighting
   272 | D        | Reached skill level 21 in Stealth
   272 | D        | Reached skill level 5 in Unarmed Combat
   272 | D        | Reached XP level 8. HP: 44/44 MP: 9/9
   272 | D        | Killed a centaur warrior
   273 | D        | Reached skill level 22 in Stealth
   280 | D        | Noticed a hornet
   283 | D        | Killed a hornet
   284 | D        | Reached XP level 9. HP: 50/50 MP: 10/10
   294 | D        | Noticed an oklob plant
   296 | D        | Killed an oklob plant
   296 | D        | Reached **** piety under Trog
   297 | D        | Reached skill level 10 in Dodging
   308 | D        | HP: 2/76 [poisoned by a redback]
   310 | D        | Succumbed to a redback's poison
   310 | D        | Lost a life (1 life remaining)
   341 | D        | Noticed a meliai
   341 | D        | Noticed a lorocyproca
   341 | D        | HP: 2/51 [meliai/divine providence (11)]
   345 | D        | Killed from afar by a meliai
   345 | D        | Lost a life (0 lives remaining)
   372 | D        | Killed from afar by a meliai

Illustrated notes

Levels and vault maps discovered:
D:        dungeon_sprint_1 [red_sonja_temple_1, red_sonja_temple_small_1]

Skill      XL: |  1  2  3  4  5  6  7  8  9 |
---------------+----------------------------+-----
Stealth        | 8 12 17 20 21 22 | 22.8
Fighting       | 5 7 8 |  8.1
Dodging        | 7 9 10 | 10.5
Unarmed Combat | 5 7 8 |  8.1

Action                     |  1- 3 |  4- 6 |  7- 9 || total
---------------------------+-------+-------+-------++-------
  Melee: Unarmed           |     5 |     8 |     7 ||    20
         Bite              |     1 |     1 |       ||     2
 Invoke: Berserk           |     1 |     1 |     1 ||     3
         Trog's Hand       |       |       |     1 ||     1
    Use: Scroll            |       |       |     1 ||     1
         Potion            |       |       |     2 ||     2
   Stab: Sleeping          |     1 |     3 |     4 ||     8
 Armour: Skin              |       |       |    10 ||    10
  Dodge: Dodged            |     1 |     4 |     9 ||    14

Table legend: (Time is in decaauts)
 A = Elapsed time spent in this place.
 B = Non-inter-level travel time spent in this place.
 C = Inter-level travel time spent in this place.
 D = Time resting spent in this place.
 E = Time spent auto-exploring this place.
 F = Levels seen in this place.
 G = Mean time per level.
                   A        B        C        D        E       F      G
               +--------+--------+--------+--------+--------+-----+--------+
         Total |    382 |    382 |      0 |    183 |      0 |   1 |  382.0 |
       Dungeon |    382 |    382 |      0 |    183 |      0 |   1 |  382.0 |
               +--------+--------+--------+--------+--------+-----+--------+

Top non-repeatable levels by time:
       D: 382 daAuts
